 Dungeon Crawl Stone Soup version 0.30-a0-949-g53dc5368d7 (webtiles) character file.

Game seed: 6765970211371386143

149099 retardedninja the Blocker (level 17, -13/124 HPs)
             Began as a Gnoll Fighter on Mar 23, 2023.
             Was a High Priest of Hepliaklqana.
             Shot with an arrow by Vashnia (36 damage)
             ... on level 4 of the Snake Pit on Mar 27, 2023.
             The game lasted 00:52:39 (27686 turns).

retardedninja the Blocker (Gnoll Fighter)          Turns: 27686, Time: 00:52:44

Health: -13/124    AC: 28    Str: 42    XL:     17   Next: 50%
Magic:  33/33      EV:  6    Int:  9    God:    Hepliaklqana [*****.]
Gold:   387        SH: 18    Dex:  7    Spells: 40/40 levels left

rFire   + + +      SeeInvis .    a - +1 war axe (flame)
rCold   + + .      Faith    .    t - +2 tower shield {rPois}
rNeg    + . .      Spirit   .    c - +3 plate armour
rPois   +          Reflect  .    (no helmet)
rElec   .          Rampage  .    e - +1 cloak
rCorr   .                        s - +2 pair of gloves
Will    ++...                    x - +1 pair of boots of Indomitability {Will+ Str+6} Stlth
                                 q - amulet of regeneration
HPRegen 1.20/turn                F - ring of Hazad {rPois rN+ Str+6 Int+6 Dex-2}
MPRegen 0.23/turn                P - ring "Teago" {rF+++ rC++ Str+6 Int-4 Dex-3}

@: mighty, hasted, constricted, very quick
A: reduced essence, fangs 1, strong nose, distributed training
a: Renounce Religion, Recall Ancestor, Ancestor Identity, Transference, Idealise


You were on level 4 of the Snake Pit.
You worshipped Hepliaklqana.
Hepliaklqana was extremely pleased with you.
You visited 5 branches of the dungeon, and saw 27 of its levels.

You collected 5058 gold pieces.
You spent 4671 gold pieces at shops.

Inventory:

Hand Weapons
 a - a +1 war axe of flaming (weapon)
Missiles
 J - 3 silver javelins (quivered)
 Q - 3 javelins
Armour
 c - a +3 plate armour (worn)
 e - a +1 cloak (worn)
 s - a +2 pair of gloves (worn)
 t - a +2 tower shield of poison resistance (worn)
 x - the +1 pair of boots of Indomitability (worn) {Will+ Str+6}
   (You acquired it on level 3 of the Lair of Beasts)

   Str:       It affects your strength (+6).
   Will:      It increases your willpower.
Jewellery
 q - an amulet of regeneration (around neck)
 F - the ring of Hazad (left hand) {rPois rN+ Str+6 Int+6 Dex-2}
   (You found it on level 7 of the Dungeon)

   [ring of strength]

   Str:       It affects your strength (+6).
   Int:       It affects your intelligence (+6).
   Dex:       It affects your dexterity (-2).
   rPois:     It protects you from poison.
   rN:        It protects you from negative energy.
 P - the ring "Teago" (right hand) {rF+++ rC++ Str+6 Int-4 Dex-3}
   (You bought it in a shop on level 13 of the Dungeon)

   [ring of strength]

   Str:       It affects your strength (+6).
   Int:       It affects your intelligence (-4).
   Dex:       It affects your dexterity (-3).
   rF:        It renders you almost immune to fire.
   rC:        It greatly protects you from cold.
 R - a +6 ring of intelligence
Wands
 i - a wand of paralysis (13)
 j - a wand of mindburst (34)
 C - a wand of flame (14)
 E - a wand of roots (5)
 I - a wand of polymorph (15)
Scrolls
 b - a scroll of fog
 k - 2 scrolls of torment
 o - 2 scrolls of teleportation
 p - 13 scrolls of poison
 r - a scroll of amnesia
 y - a scroll of immolation
 A - 2 scrolls of vulnerability
 B - 2 scrolls of silence
 K - 4 scrolls of magic mapping
 N - a scroll of fear
Potions
 d - 2 potions of attraction
 f - 2 potions of flight
 g - 3 potions of resistance
 h - a potion of might
 l - 5 potions of mutation
 m - a potion of ambrosia
 n - 2 potions of cancellation
 v - a potion of lignification
 z - a potion of invisibility
 D - 3 potions of magic
 M - 2 potions of curing
 O - a potion of brilliance
Miscellaneous
 w - a lightning rod (4/4)
 G - a phantom mirror (inert)
 L - a condenser vane (inert)


   Skills:
 + Level 13.6 Fighting
 + Level 12.1 Short Blades
 + Level 12.1 Long Blades
 + Level 12.9 Axes
 + Level 12.1 Maces & Flails
 + Level 12.1 Polearms
 + Level 12.1 Staves
 + Level 12.1 Ranged Weapons
 + Level 12.1 Throwing
 + Level 13.6 Armour
 + Level 12.1 Dodging
 + Level 12.1 Stealth
 + Level 13.6 Shields
 + Level 12.1 Unarmed Combat
 + Level 12.1 Spellcasting
 + Level 10.2 Conjurations
 + Level 10.2 Hexes
 + Level 10.2 Summonings
 + Level 10.2 Necromancy
 + Level 10.2 Translocations
 + Level 10.2 Transmutations
 + Level 10.2 Fire Magic
 + Level 10.2 Ice Magic
 + Level 10.2 Air Magic
 + Level 10.2 Earth Magic
 + Level 10.2 Poison Magic
 + Level 13.1 Invocations
 + Level 12.1 Evocations


You had 40 spell levels left.
You didn't know any spells.
Your spell library contained the following spells:

 Spells                   Type           Power      Damage    Failure   Level
 Freeze                   Ice            92%        1d9       2%          1
 Magic Dart               Conj           92%        1d7       2%          1
 Slow                     Hex            92%        N/A       2%          1
 Ensorcelled Hibernation  Hex/Ice        46%        N/A       4%          2
 Passwall                 Tmut/Erth      19%        N/A       4%          2
 Searing Ray              Conj           46%        2d6       4%          2
 Confusing Touch          Hex            23%        N/A       9%          3
 Dazzling Flash           Conj/Hex       46%        N/A       9%          3
 Frozen Ramparts          Ice            46%        1d7       9%          3
 Hailstorm                Conj/Ice       23%        3d7       9%          3
 Kindle Blastsparks       Fire/Tloc/Air  46%        2d13      9%          3
 Ozocubu's Armour         Ice            23%        N/A       9%          3
 Stone Arrow              Conj/Erth      46%        3d9       9%          3
 Swiftness                Air            23%        N/A       9%          3
 Tukima's Dance           Hex            23%        N/A       9%          3
 Vampiric Draining        Necr           23%        2d7       9%          3
 Animate Armour           Summ/Erth      46%        N/A       26%         4
 Fulminant Prism          Conj/Hex       11%        3d9       26%         4
 Iskenderun's Mystic Bla  Conj/Tloc      23%        2d6       26%         4
 Passage of Golubria      Tloc           23%        N/A       26%         4
 Petrify                  Tmut/Erth      23%        N/A       26%         4
 Lee's Rapid Deconstruct  Erth           11%        3d8*      58%         5
 Metabolic Englaciation   Hex/Ice        11%        N/A       58%         5
 Silence                  Hex/Air        11%        N/A       58%         5
 Yara's Violent Unravell  Hex/Tmut       11%        3d6       58%         5
 Starburst                Conj/Fire      11%        6d5       99%         6
 Statue Form              Tmut/Erth      15%        N/A       99%         6
 Ozocubu's Refrigeration  Ice            11%        4d10      100%        7
 Lehudib's Crystal Spear  Conj/Erth      11%        10d4      100%        8


Dungeon Overview and Level Annotations

Branches:
Dungeon (15/15)            Temple (1/1) D:4            Lair (5/5) D:10
 Shoals (0/4) Lair:3        Snake (4/4) Lair:2        Slime (0/5) Lair:5
    Orc (2/2) D:9             Elf (0/3) Orc:2        Vaults (0/5) D:13
 Depths: D:15

Altars:
Ashenzari
Cheibriados
Dithmenos
Elyvilon
Fedhas
Hepliaklqana
Kikubaaqudgha
Makhleb
Nemelex Xobeh
Okawaru
Qazlal
Ru
Sif Muna
Trog
Uskayaw
Vehumet
Wu Jian
Xom
Yredelemnul
Zin
The Shining One

Shops:
D:1 =   D:13 =   Orc:2 *?!!   Snake:1 *   Snake:3 **

Annotations:
Snake:1 2 transporters
Snake:3 3 runed translucent doors, Nohucul's ghost, adept MiBe
Snake:4 Vashnia


Innate Abilities, Weirdness & Mutations

Your life essence is reduced to manifest your ancestor. (-10% HP)
You have very sharp teeth.
Your uncanny sense of smell can sniff out nearby items.
Your experience applies equally to all skills.


Message History

The naga sharpshooter shoots an arrow.
The arrow hits you but does no damage. You block the anaconda's attack.
The anaconda constricts you. Vashnia spits poison at you.
You block the splash of poison.
You hear a shout!
You closely miss Vashnia.
Vashnia is moderately wounded.
You slash the anaconda! You burn the anaconda.
You feel sick. You block the anaconda's attack. The anaconda constricts you.
The naga sharpshooter mumbles some strange words.
The naga sharpshooter magically shoots an arrow.
The arrow closely misses you.
You closely miss Vashnia.
Vashnia is moderately wounded.
You slash the anaconda! You burn the anaconda.
You feel sick.
You are no longer poisoned.
You block the anaconda's attack. The anaconda constricts you.
Vashnia shoots an arrow.
The arrow hits you!
* * * LOW HITPOINT WARNING * * *
The anaconda bites you but does no damage.
The anaconda constricts you.
* * * LOW HITPOINT WARNING * * *
Unknown command.
You closely miss Vashnia.
Vashnia is moderately wounded.
You slash the anaconda! You burn the anaconda.
The naga sharpshooter shoots an arrow.
The arrow hits you!
* * * LOW HITPOINT WARNING * * *
The anaconda bites you but does no damage.
The anaconda constricts you.
* * * LOW HITPOINT WARNING * * *
Unknown command.
Unknown command.
You feel better. You block the anaconda's attack. The anaconda constricts you.
* * * LOW HITPOINT WARNING * * *
The naga sharpshooter shoots an arrow.
You block the arrow.
A guardian serpent comes into view.
Vashnia says, "We do not look kindly on intruders!"
Vashnia shoots an arrow.
The arrow hits you!!!
You die...

##########.#.....########
###..[.### ##.)...####
##..))...## ##...))..#
####)..## ###.)...###
##...).....#*
#..@..⌠.....#
*#.SN).......#*
#....8..N8....*
*#.⌠.........⌠.**
#.....8...8....,*
#..............,*
#.....8...8...,,*
#...S...)...⌠,,,*
*,,,,,8,,,8,,,,,*


You could see Vashnia (catching breath), a naga sharpshooter, an anaconda and a
guardian serpent.

Vanquished Creatures
  2 nagarajas
  Nessos (Orc:2)
  2 ogre magi (Orc:2)
  3 catoblepae
  2 salamander tyrants (Snake:4)
  3 hydras
  5 centaur warriors
  5 anacondas
  5 two-headed ogres
  7 death yaks
  8 naga warriors
  6 naga sharpshooters
  5 shock serpents
  A salamander mystic (Snake:4)
  Amaemon (D:8)
  A skyshark (Lair:5)
  A skeletal warrior (D:14)
  2 deep trolls (Orc:1)
  4 mana vipers
  9 ugly things (D:14)
  2 deep elf pyromancers
  2 oklob plants (Lair:5)
  6 manticores
  8 cyclopes
  8 salamanders
  3 elephants (Lair:5)
  4 guardian serpents
  4 naga magi
  14 black mambas
  2 gargoyles
  An orange demon (D:8)
  4 cane toads
  A kobold demonologist (D:11)
  A rime drake (Lair:5)
  6 komodo dragons
  A spectral naga (Snake:2)
  12 trolls
  A wolf spider simulacrum (D:14)
  10 blink frogs
  A polar bear (Lair:5)
  A wind drake (Lair:3)
  A dream sheep (Lair:4)
  5 slime creatures (D:12)
  48 yaks
  2 vampires
  3 hogs
  2 wyverns (D:7)
  A wraith (D:13)
  2 basilisks
  3 vampire mosquitoes
  32 nagas
  A steam dragon (D:9)
  Edmund (D:6)
  A warg (Orc:1)
  An acid dragon (D:9)
  3 water moccasins
  An ice beast (D:6)
  14 orc warriors
  A sky beast (D:6)
  9 centaurs
  13 ogres
  7 wolves
  3 bullfrogs
  13 kobold brigands
  3 scorpions
  5 wights (D:8)
  2 howler monkeys
  7 orc priests
  3 hounds
  3 gnoll boudas
  3 jellies
  4 iguanas
  2 sleepcaps
  7 orc wizards
  5 hell rats (Lair:5)
  A mummy (D:7)
  2 adders
  20 gnolls
  4 shadow imps
  9 white imps
  An ufetubus (D:6)
  2 worms
  2 dart slugs (D:2)
  49 orcs
  2 ball pythons
  2 bats
  6 endoplasms
  5 giant cockroaches
  3 goblins
  6 hobgoblins
  5 jackals (D:2)
  5 quokkas
  5 frilled lizards
  36 kobolds
  10 kobold skeletons (D:11)
  8 kobold zombies (D:11)
  8 rats
567 creatures vanquished.

Vanquished Creatures (collateral kills)
  3 nagarajas (Snake:4)
  Kirke (D:13)
  A vault guard (D:13)
  2 hydras
  A catoblepas (Lair:5)
  A centaur warrior (D:14)
  8 two-headed ogres
  A boulder beetle (D:14)
  4 death yaks
  4 anacondas
  12 naga warriors
  2 orc high priests (Orc:2)
  3 naga sharpshooters
  2 shock serpents
  A salamander mystic (Snake:2)
  2 skeletal warriors (D:14)
  A skyshark (Lair:5)
  A naga ritualist (Snake:4)
  A phantasmal warrior (Snake:2)
  A manticore (D:12)
  7 ugly things (D:14)
  2 mana vipers
  3 cyclopes
  3 salamanders
  11 black mambas
  5 guardian serpents
  10 naga magi
  6 cane toads
  3 torpor snails
  A rime drake (D:10)
  A kobold demonologist (D:9)
  An unseen horror (D:12)
  An unseen horror (shapeshifter) (D:14)
  2 komodo dragons
  An efreet (D:13)
  3 spectral nagas (Snake:2)
  2 trolls
  A blink frog (Lair:5)
  A dream sheep (Lair:4)
  2 slime creatures (D:12)
  3 shadows
  18 yaks
  A vampire (D:13)
  2 hogs (D:13)
  A wraith (D:12)
  A steam dragon (D:10)
  2 vampire mosquitoes
  13 nagas
  2 wargs
  4 water moccasins
  2 acid dragons
  8 orc warriors
  4 ice beasts
  5 wolves
  8 ogres
  4 centaurs
  8 kobold brigands
  2 bullfrogs
  A wight (D:8)
  4 howler monkeys
  A lava snake (D:10)
  2 orc priests
  5 orc wizards
  2 gnolls
  6 white imps
  15 orcs
  10 kobolds
252 creatures vanquished.

Vanquished Creatures (others)
  A black mamba (Snake:4)
  29 battlemagi
  An ancestor (D:8)
  A bush (D:5)
  12 fungi
  31 plants
75 creatures vanquished.

Grand Total: 894 creatures vanquished

Notes
Turn   | Place    | Note
-------+----------+-------------------------------------------
     0 | D:1      | retardedninja the Gnoll Fighter began the quest for the
                  | Orb.
     0 | D:1      | Reached XP level 1. HP: 23/23 MP: 1/1
   281 | D:1      | Found Uniqoan's Jewellery Shop.
   400 | D:1      | Reached XP level 2. HP: 29/29 MP: 2/2
   776 | D:2      | Reached XP level 3. HP: 23/35 MP: 3/3
   854 | D:2      | Reached skill level 1 in Invocations
  1094 | D:2      | Reached skill level 1 in Short Blades
  1094 | D:2      | Reached skill level 1 in Long Blades
  1094 | D:2      | Reached skill level 1 in Maces & Flails
  1094 | D:2      | Reached skill level 1 in Polearms
  1094 | D:2      | Reached skill level 1 in Staves
  1094 | D:2      | Reached skill level 1 in Ranged Weapons
  1094 | D:2      | Reached skill level 1 in Throwing
  1094 | D:2      | Reached skill level 1 in Dodging
  1094 | D:2      | Reached skill level 1 in Stealth
  1094 | D:2      | Reached skill level 1 in Unarmed Combat
  1094 | D:2      | Reached skill level 1 in Spellcasting
  1094 | D:2      | Reached skill level 1 in Evocations
  1429 | D:3      | Reached XP level 4. HP: 41/41 MP: 5/5
  2111 | D:4      | Noticed a scorpion
  2122 | D:4      | Killed a scorpion
  2123 | D:4      | Reached skill level 1 in Conjurations
  2123 | D:4      | Reached skill level 1 in Hexes
  2123 | D:4      | Reached skill level 1 in Summonings
  2123 | D:4      | Reached skill level 1 in Necromancy
  2123 | D:4      | Reached skill level 1 in Translocations
  2123 | D:4      | Reached skill level 1 in Transmutations
  2123 | D:4      | Reached skill level 1 in Fire Magic
  2123 | D:4      | Reached skill level 1 in Ice Magic
  2123 | D:4      | Reached skill level 1 in Air Magic
  2123 | D:4      | Reached skill level 1 in Earth Magic
  2123 | D:4      | Reached skill level 1 in Poison Magic
  2123 | D:4      | Reached XP level 5. HP: 47/47 MP: 5/7
  2394 | D:4      | Found a staircase to the Ecumenical Temple.
  2551 | D:4      | Reached XP level 6. HP: 43/53 MP: 8/8
  2559 | D:4      | Found an ornate altar of the Wu Jian Council.
  2596 | Temple   | Entered the Ecumenical Temple
  2805 | Temple   | Became a worshipper of Hepliaklqana the Forgotten
  2916 | D:4      | Reached skill level 5 in Axes
  2988 | D:5      | Entered Level 5 of the Dungeon
  3150 | D:5      | Reached XP level 7. HP: 49/60 MP: 10/10
  3689 | D:5      | Found a basalt altar of Yredelemnul.
  4019 | D:5      | Identified 2 scrolls of acquirement
  4019 | D:5      | Acquired 1143 gold pieces
  4022 | D:5      | Acquired 1155 gold pieces
  4043 | D:6      | Noticed Edmund
  4057 | D:6      | Killed Edmund
  4058 | D:6      | Reached XP level 8. HP: 50/67 MP: 12/12
  4389 | D:6      | Reached * piety under Hepliaklqana
  4611 | D:6      | Found a shimmering altar of Xom.
  4955 | D:6      | Found a burning altar of Makhleb.
  5099 | D:7      | Identified the ring of Hazad {rPois rN+ Str+6 Int+6 Dex-2}
  5141 | D:7      | Noticed a wyvern
  5152 | D:7      | Killed a wyvern
  5153 | D:7      | Reached XP level 9. HP: 60/65 MP: 14/14
  5422 | D:7      | Found a snail-covered altar of Cheibriados.
  5436 | D:7      | Noticed a cyclops
  5440 | D:7      | Killed a cyclops
  5648 | D:8      | Noticed Amaemon
  5648 | D:8      | Noticed an orange demon
  5651 | D:8      | Killed an orange demon
  5651 | D:8      | Noticed a komodo dragon
  5652 | D:8      | Reached skill level 5 in Invocations
  5653 | D:8      | Killed a komodo dragon
  5658 | D:8      | Killed Amaemon
  5659 | D:8      | Reached skill level 5 in Short Blades
  5659 | D:8      | Reached skill level 5 in Long Blades
  5659 | D:8      | Reached skill level 5 in Maces & Flails
  5659 | D:8      | Reached skill level 5 in Polearms
  5659 | D:8      | Reached skill level 5 in Staves
  5659 | D:8      | Reached skill level 5 in Ranged Weapons
  5659 | D:8      | Reached skill level 5 in Throwing
  5659 | D:8      | Reached skill level 5 in Dodging
  5659 | D:8      | Reached skill level 5 in Stealth
  5659 | D:8      | Reached skill level 5 in Unarmed Combat
  5659 | D:8      | Reached skill level 5 in Spellcasting
  5659 | D:8      | Reached skill level 5 in Evocations
  5659 | D:8      | Reached XP level 10. HP: 55/73 MP: 15/17
  5830 | D:8      | Reached ** piety under Hepliaklqana
  5831 | D:8      | Remembered your ancestor autism the great as a battlemage
  5909 | D:8      | Found a shadowy altar of Dithmenos.
  6252 | D:8      | Found a bloodstained altar of Trog.
  6407 | D:8      | Found a sacrificial altar of Ru.
  6756 | D:9      | Noticed a two-headed ogre
  6777 | D:9      | Killed a two-headed ogre
  6778 | D:9      | Reached skill level 5 in Conjurations
  6778 | D:9      | Reached skill level 5 in Hexes
  6778 | D:9      | Reached skill level 5 in Summonings
  6778 | D:9      | Reached skill level 5 in Necromancy
  6778 | D:9      | Reached skill level 5 in Translocations
  6778 | D:9      | Reached skill level 5 in Transmutations
  6778 | D:9      | Reached skill level 5 in Fire Magic
  6778 | D:9      | Reached skill level 5 in Ice Magic
  6778 | D:9      | Reached skill level 5 in Air Magic
  6778 | D:9      | Reached skill level 5 in Earth Magic
  6778 | D:9      | Reached skill level 5 in Poison Magic
  6778 | D:9      | Reached XP level 11. HP: 15/80 MP: 18/20
  6929 | D:9      | Noticed a sun demon
  7190 | D:9      | Found a staircase to the Orcish Mines.
  7233 | D:10     | Entered Level 10 of the Dungeon
  7276 | D:10     | Noticed a deep elf pyromancer
  7288 | D:10     | Killed a deep elf pyromancer
  7391 | D:10     | Reached *** piety under Hepliaklqana
  7434 | D:10     | Found a hide-covered altar of Uskayaw.
  7546 | D:10     | Found a broken altar of Ashenzari.
  7568 | D:10     | Noticed a two-headed ogre
  7572 | D:10     | Killed a two-headed ogre
  7598 | D:10     | Found a staircase to the Lair.
  7637 | D:10     | Identified the ring of Optimism {Int+4 SInv}
  7979 | Lair:1   | Entered Level 1 of the Lair of Beasts
  7981 | Lair:1   | Identified the +4 chain mail of the Guardian {Str+3 Dex+2}
  8028 | Lair:1   | Identified the +9 sling of Lylus {heavy, Int+4 Dex+3
                  | Stlth+}
  8074 | Lair:1   | Reached XP level 12. HP: 87/87 MP: 22/22
  8378 | Lair:1   | Reached **** piety under Hepliaklqana
  8988 | Lair:2   | Reached skill level 10 in Fighting
  8988 | Lair:2   | Reached skill level 10 in Armour
  8988 | Lair:2   | Reached skill level 10 in Shields
  8996 | Lair:2   | Noticed a seven-headed hydra
  9007 | Lair:2   | Killed a six-headed hydra
  9173 | Lair:2   | Found a staircase to the Snake Pit.
 10009 | Lair:3   | You fall into a shaft and drop 2 floors!
 10009 | Lair:5   | Entered Level 5 of the Lair of Beasts
 10011 | Lair:5   | Noticed a skyshark
 10022 | Lair:5   | Killed a skyshark
 10300 | Lair:5   | Noticed a death yak
 10320 | Lair:5   | Reached XP level 13. HP: 82/93 MP: 25/25
 11586 | Lair:4   | Reached skill level 10 in Axes
 11638 | Lair:4   | Reached ***** piety under Hepliaklqana
 11832 | Lair:3   | Found a staircase to the Shoals.
 12373 | Lair:3   | Acquired the +1 pair of boots of Indomitability {Will+
                  | Str+6}
 13001 | Lair:5   | Reached XP level 14. HP: 51/101 MP: 27/27
 13005 | Lair:5   | Reached skill level 10 in Invocations
 14205 | Lair:5   | Found a staircase to the Slime Pits.
 15221 | D:11     | Found an ancient bone altar of Kikubaaqudgha.
 15660 | D:11     | Found a bloodstained altar of Trog.
 16010 | D:12     | Upgraded the game from 0.30-a0-930-gb9d0489357 to
                  | 0.30-a0-949-g53dc5368d7
 16891 | D:13     | Found Daisuw's Jewellery Shop.
 16900 | D:13     | Bought the ring "Teago" {rF+++ rC++ Str+6 Int-4 Dex-3} for
                  | 808 gold pieces
 16916 | D:13     | Identified the +7 trident of Soaneegu {holy, Fragile rPois
                  | rC++ SInv}
 17240 | D:13     | Noticed Kirke
 17258 | D:13     | Killed Kirke
 17311 | D:13     | Reached skill level 10 in Short Blades
 17311 | D:13     | Reached skill level 10 in Long Blades
 17311 | D:13     | Reached skill level 10 in Maces & Flails
 17311 | D:13     | Reached skill level 10 in Polearms
 17311 | D:13     | Reached skill level 10 in Staves
 17311 | D:13     | Reached skill level 10 in Ranged Weapons
 17311 | D:13     | Reached skill level 10 in Throwing
 17311 | D:13     | Reached skill level 10 in Dodging
 17311 | D:13     | Reached skill level 10 in Stealth
 17311 | D:13     | Reached skill level 10 in Unarmed Combat
 17311 | D:13     | Reached skill level 10 in Spellcasting
 17311 | D:13     | Reached skill level 10 in Evocations
 17336 | D:13     | Reached ****** piety under Hepliaklqana
 17759 | D:13     | Reached XP level 15. HP: 101/108 MP: 29/29
 17793 | D:13     | Found a gate to the Vaults.
 18721 | D:14     | Identified the staff of fire "Far Mig" {*Slow rF+ Int+6}
 18752 | D:14     | Found a white marble altar of Elyvilon.
 18996 | D:15     | Entered Level 15 of the Dungeon
 19351 | Orc:1    | Entered Level 1 of the Orcish Mines
 19440 | Orc:1    | Found a frozen archway.
 19703 | Orc:2    | Entered Level 2 of the Orcish Mines
 19936 | Orc:2    | Found Veibe's Distillery.
 20733 | Orc:2    | Found Apluj's Distillery.
 20743 | Orc:2    | Found Zeukh's Magic Scroll Boutique.
 20744 | Orc:2    | Found Iqieruc's General Store.
 20771 | Orc:2    | Noticed Nessos
 20785 | Orc:2    | Killed Nessos
 20794 | Orc:2    | Found a staircase to the Elven Halls.
 20893 | Orc:2    | Bought a lightning rod (4/4) for 510 gold pieces
 20898 | Orc:2    | Bought a scroll of teleportation for 45 gold pieces
 20898 | Orc:2    | Bought a scroll of teleportation for 45 gold pieces
 20913 | Orc:2    | Bought a potion of heal wounds for 70 gold pieces
 20913 | Orc:2    | Bought a potion of heal wounds for 70 gold pieces
 20913 | Orc:2    | Bought a potion of heal wounds for 70 gold pieces
 20920 | Orc:2    | Bought a potion of heal wounds for 65 gold pieces
 20920 | Orc:2    | Bought a potion of resistance for 130 gold pieces
 20920 | Orc:2    | Bought a potion of curing for 39 gold pieces
 20920 | Orc:2    | Bought a potion of curing for 39 gold pieces
 20946 | Orc:2    | Reached XP level 16. HP: 116/116 MP: 30/30
 21354 | Snake:1  | Entered Level 1 of the Snake Pit
 21400 | Snake:1  | Found a transporter.
 21417 | Snake:1  | Found a transporter.
 21418 | Snake:1  | Found Yfeobatt's Assorted Antiques.
 21426 | Snake:1  | Bought a condenser vane for 1080 gold pieces
 21426 | Snake:1  | Bought a potion of curing for 81 gold pieces
 21426 | Snake:1  | Bought a scroll of blinking for 202 gold pieces
 21475 | Snake:1  | Noticed a nagaraja
 23622 | Orc:2    | Bought a scroll of identify for 30 gold pieces
 23622 | Orc:2    | Bought a scroll of magic mapping for 112 gold pieces
 24657 | Snake:3  | Found Naecis's Specific Store.
 24704 | Snake:3  | Found Yteyj's General Store.
 24715 | Snake:3  | Bought a phantom mirror for 600 gold pieces
 24715 | Snake:3  | Bought 5 silver javelins for 675 gold pieces
 25067 | Snake:3  | Noticed a nagaraja
 25072 | Snake:3  | Killed a nagaraja
 25817 | Snake:3  | Found a runed translucent gate.
 25817 | Snake:3  | Found a runed translucent gate.
 25818 | Snake:3  | Found a runed translucent gate.
 25820 | Snake:3  | Noticed Nohucul's ghost (adept MiBe)
 26024 | Snake:4  | Entered Level 4 of the Snake Pit
 26206 | Snake:4  | Reached XP level 17. HP: 123/123 MP: 32/32
 26448 | Snake:4  | Reached skill level 10 in Conjurations
 26448 | Snake:4  | Reached skill level 10 in Hexes
 26448 | Snake:4  | Reached skill level 10 in Summonings
 26448 | Snake:4  | Reached skill level 10 in Necromancy
 26448 | Snake:4  | Reached skill level 10 in Translocations
 26448 | Snake:4  | Reached skill level 10 in Transmutations
 26448 | Snake:4  | Reached skill level 10 in Fire Magic
 26448 | Snake:4  | Reached skill level 10 in Ice Magic
 26448 | Snake:4  | Reached skill level 10 in Air Magic
 26448 | Snake:4  | Reached skill level 10 in Earth Magic
 26448 | Snake:4  | Reached skill level 10 in Poison Magic
 26858 | Snake:4  | Identified the +2 leather armour of the Boiling Point
                  | {-Cast rPois rN+++ rCorr}
 27377 | Snake:4  | Noticed Vashnia
 27686 | Snake:4  | Shot with an arrow by Vashnia

Illustrated notes

Levels and vault maps discovered:
D:1:      nzn_arrival_water_spiral, layout_loops_ring, serial_shops, shop,
          minmay_pentomino_r4
D:2:      minmay_spotlight, layout_basic
D:3:      layout_loops_ring
D:4:      layout_loops_ring, lemuel_coloured_pillars_altar,
          minmay_temple_entry_overgrown, kennysheep_generic_room_12
D:5:      layout_basic, yredelemnul_altar_generic, kb_lookout_dungeons_type
D:6:      layout_basic, dk_xom_monty_hall, lightli_temple_of_fire,
          kennysheep_generic_room_6, uniq_edmund
D:7:      layout_gridville, slow_altar_2
D:8:      layout_basic, nicolae_overflow_hidden_temple,
          nicolae_ru_path_of_blood, mainiacjoe_overflow_big_doors, uniq_amaemon
D:9:      layout_rooms, david_orc_4, special_room [special_room_kobold],
          grunt_ministairs_15, st_stairs_3, hangedman_decor_clover_reticule
D:10:     layout_cave_pools, amcnicky_altar_gilded, kennysheep_little_box,
          hellmonk_lair_entry_icy, serial_park, serial_park_gazebo
          [serial_park_minivault_5x5_1], serial_park_square1
          [serial_park_minivault_5x5_7], serial_bayou_pond_d, kennysheep_potato
D:11:     wander_kiku_kobolds, layout_loops_cross, tgw_trog
D:12:     layout_irregular_city
D:13:     layout_cave_pools, david_vaults_5, serial_shops, nicolae_diamond_shop,
          uniq_kirke
D:14:     layout_basic, nicolae_elyvilon_peaceful_grove,
          kennysheep_generic_room_14
D:15:     gammafunk_depths_entry_grave, layout_irregular_city,
          small_statue_alley_a, minivault_7, uniq_louise
Temple:   minmay_temple_curvy_loop
Lair:1:   layout_small_grid, grunt_megastairs_4
Lair:2:   layout_cave_pods, nicolae_snake_entry_squirm
Lair:3:   layout_loops_ring, minmay_shoals_entry_beasts, lemuel_old_faithful
Lair:4:   layout_cave_pods
Lair:5:   evilmike_catoblepas_cave, layout_regular_city,
          minmay_slime_entry_oklob_enclosed, grunt_megastairs_5
Snake:1:  gammafunk_the_bubble [the_bubble_gammafunk_plus_minus],
          layout_grid_shapes, serial_shops, nicolae_shop_advertising_works
          [nicolae_subvault_shop_adworks], nicolae_triple_integral,
          lemuel_fruit_tree
Snake:2:  layout_misc_corridors, nicolae_snake_ghostly_warrior_ritual
Snake:3:  layout_layer_cave, gammafunk_ghost_necromancy, nicolae_specific_store
Snake:4:  grunt_snake_rune_serpentine_throne, layout_cave_town
Orc:1:    layout_caves, portal_ice_cave_entry_imps
Orc:2:    st_orc_open, layout_caves, uniq_nessos

Skill      XL: |  1  2  3  4  5  6  7  8  9 10 11 12 13 14 15 16 17 |
---------------+----------------------------------------------------+-----
Invocations    | 1 2 3 4 5 6 7 8 9 10 11 12 13 | 13.1
Short Blades   | 1 2 3 5 6 7 8 9 10 11 12 | 12.1
Long Blades    | 1 2 3 5 6 7 8 9 10 11 12 | 12.1
Maces & Flails | 1 2 3 5 6 7 8 9 10 11 12 | 12.1
Polearms       | 1 2 3 5 6 7 8 9 10 11 12 | 12.1
Staves         | 1 2 3 5 6 7 8 9 10 11 12 | 12.1
Ranged Weapons | 1 2 3 5 6 7 8 9 10 11 12 | 12.1
Throwing       | 1 2 3 5 6 7 8 9 10 11 12 | 12.1
Dodging        | 1 2 3 5 6 7 8 9 10 11 12 | 12.1
Stealth        | 1 2 3 5 6 7 8 9 10 11 12 | 12.1
Unarmed Combat | 1 2 3 5 6 7 8 9 10 11 12 | 12.1
Spellcasting   | 1 2 3 5 6 7 8 9 10 11 12 | 12.1
Evocations     | 1 2 3 5 6 7 8 9 10 11 12 | 12.1
Conjurations   | 1 2 3 4 5 6 7 8 9 10 | 10.2
Hexes          | 1 2 3 4 5 6 7 8 9 10 | 10.2
Summonings     | 1 2 3 4 5 6 7 8 9 10 | 10.2
Necromancy     | 1 2 3 4 5 6 7 8 9 10 | 10.2
Translocations | 1 2 3 4 5 6 7 8 9 10 | 10.2
Transmutations | 1 2 3 4 5 6 7 8 9 10 | 10.2
Fire Magic     | 1 2 3 4 5 6 7 8 9 10 | 10.2
Ice Magic      | 1 2 3 4 5 6 7 8 9 10 | 10.2
Air Magic      | 1 2 3 4 5 6 7 8 9 10 | 10.2
Earth Magic    | 1 2 3 4 5 6 7 8 9 10 | 10.2
Poison Magic   | 1 2 3 4 5 6 7 8 9 10 | 10.2
Axes           | 5 6 7 8 9 10 11 12 | 12.9
Fighting       | 7 8 9 10 11 12 13 | 13.6
Armour         | 7 8 9 10 11 12 13 | 13.6
Shields        | 7 8 9 10 11 12 13 | 13.6

Action                     |  1- 3 |  4- 6 |  7- 9 | 10-12 | 13-15 | 16-18 || total
---------------------------+-------+-------+-------+-------+-------+-------++-------
  Melee: War axe           |   114 |   112 |   224 |   364 |   771 |   382 ||  1967
         Bite              |     7 |     9 |    22 |    51 |   125 |    48 ||   262
         Unarmed           |       |       |       |       |     8 |       ||     8
  Throw: Javelin           |       |       |       |     5 |       |    65 ||    70
 Invoke: Recall Ancestor   |       |       |       |     2 |     2 |     2 ||     6
         Ancestor Life: Ba |       |       |       |     1 |       |       ||     1
         Ancestor Identity |       |       |       |     1 |       |       ||     1
         Idealise          |       |       |       |       |     1 |     3 ||     4
  Evoke: Wand              |       |       |     6 |    11 |    13 |       ||    30
         Condenser vane    |       |       |       |       |       |     4 ||     4
         Lightning rod     |       |       |       |       |       |     2 ||     2
         Phantom mirror    |       |       |       |       |       |     1 ||     1
    Use: Scroll            |       |       |    11 |    19 |    13 |    14 ||    57
         Potion            |       |       |     2 |     7 |    14 |    13 ||    36
   Stab: Distracted        |       |       |     1 |     6 |    12 |     9 ||    28
         Invisible         |       |       |       |     2 |     8 |     4 ||    14
         Paralysed         |       |       |       |     1 |       |       ||     1
         Petrified         |       |       |       |       |     3 |       ||     3
         Petrifying        |       |       |       |       |     1 |       ||     1
 Armour: Scale mail        |    33 |       |       |       |       |       ||    33
         Chain mail        |    34 |    50 |   204 |    18 |       |       ||   306
         Plate armour      |       |       |       |   241 |   524 |   196 ||   961
  Dodge: Dodged            |    38 |    30 |   113 |   136 |   353 |   118 ||   788
  Block: Buckler           |    24 |    25 |    57 |       |       |       ||   106
         Kite shield       |       |       |    70 |   285 |   587 |    35 ||   977
         Tower shield      |       |       |       |       |       |   388 ||   388

Table legend: (Time is in decaauts)
 A = Elapsed time spent in this place.
 B = Non-inter-level travel time spent in this place.
 C = Inter-level travel time spent in this place.
 D = Time resting spent in this place.
 E = Time spent auto-exploring this place.
 F = Levels seen in this place.
 G = Mean time per level.
                   A        B        C        D        E       F      G
               +--------+--------+--------+--------+--------+-----+--------+
         Total |  28002 |  26198 |   1804 |   6305 |  14773 |  27 | 1037.1 |
       Dungeon |  12662 |  11996 |    666 |   2226 |   7130 |  15 |  844.1 |
        Temple |    238 |    200 |     38 |      0 |    193 |   1 |  238.0 |
          Lair |   7195 |   6518 |    677 |   1737 |   3746 |   5 | 1439.0 |
     Snake Pit |   6070 |   5857 |    213 |   1881 |   2925 |   4 | 1517.5 |
  Orcish Mines |   1835 |   1626 |    209 |    460 |    778 |   2 |  917.5 |
               +--------+--------+--------+--------+--------+-----+--------+

Top non-repeatable levels by time:
  Lair:5: 2912 daAuts
 Snake:3: 1996 daAuts
 Snake:2: 1406 daAuts
 Snake:1: 1362 daAuts
  Lair:4: 1319 daAuts
 Snake:4: 1305 daAuts
  Lair:2: 1238 daAuts
    D:12: 1181 daAuts
    D:14: 1134 daAuts
     D:5: 1080 daAuts
     D:9: 1066 daAuts
   Orc:2: 1049 daAuts
     D:6: 1009 daAuts
    D:13: 986 daAuts
    D:11: 969 daAuts
